 Dungeon Crawl Stone Soup version 0.27-a0-965-gbf8bb431c4 (webtiles) character file.

Game seed: 4271486963422848034

49 jestyr24 the Conjurer (level 3, -4/14 HPs)
             Began as a Felid Conjurer on Apr 12, 2021.
             Killed from afar by Natasha (10 damage)
             ... with a puff of flame
             ... on level 2 of the Dungeon.
             The game lasted 00:07:53 (1546 turns).

jestyr24 the Conjurer (Felid Conjurer)              Turns: 1546, Time: 00:07:54

Health: -4/14      AC:  1    Str:  9    XL:     3   Next: 53%
Magic:  5/7        EV: 17    Int: 20    God:
Gold:   66         SH:  0    Dex: 14    Spells: 5/6 levels left
                                        Lives:  0   Deaths: 0

rFire    . . .     SeeInvis +   (weapon unavailable)
rCold    . . .     Faith    .   (shield unavailable)
rNeg     . . .     Spirit   .   (armour unavailable)
rPois    .         Reflect  .   (helmet unavailable)
rElec    .         Harm     .   (cloak unavailable)
rCorr    .         Rampage  .   (gloves unavailable)
Will     .....                  (boots unavailable)
Stlth    +++.......             (no amulet)
HPRegen  0.04/turn              c - +6 ring of strength
MPRegen  0.10/turn              (no ring)

@: quick
A: very small, claws 1, fangs 3, see invisible, speed 1, shaggy fur 1, stealthy
paws, no weapons or thrown items, no armour, multi-lived
a: no special abilities


You were on level 2 of the Dungeon.
You visited 1 branch of the dungeon, and saw 2 of its levels.

You collected 66 gold pieces.

Inventory:

Jewellery
 c - a +6 ring of strength (left paw)
Wands
 a - a wand of iceblast (3)
Scrolls
 b - a scroll of fear {unknown}
 f - a scroll of identify {unknown}
Potions
 d - a potion of curing {unknown}
 e - 2 potions of brilliance {unknown}
 g - a potion of haste {unknown}


   Skills:
 + Level 3.1 Dodging
 + Level 2.8 Stealth
 + Level 0.1 Unarmed Combat
 + Level 2.3 Spellcasting
 + Level 4.4 Conjurations


You had 5 spell levels left.
You knew the following spells:

 Your Spells              Type           Power      Damage    Failure   Level
a - Magic Dart            Conj           80%        1d7       2%          1

Your spell library contained the following spells:

 Spells                   Type           Power      Damage    Failure   Level
 Searing Ray              Conj           40%        3d4       3%          2
 Dazzling Flash           Conj/Hex       22%        N/A       19%         3
 Confusing Touch          Hex            2%         N/A       41%         3
 Gell's Gravitas          Tloc           1%         N/A       41%         3
 Fulminant Prism          Conj/Hex       5%         3d7       52%         4
 Iskenderun's Mystic Bla  Conj/Tloc      11%        2d4       52%         4
 Petrify                  Tmut/Erth      2%         N/A       83%         4
 Metabolic Englaciation   Hex/Ice        1%         N/A       99%         5
 Yara's Violent Unravell  Hex/Tmut       1%         3d3       99%         5


Dungeon Overview and Level Annotations

Branches:
Dungeon (2/15)

Altars:

Annotations:
D:2 Natasha


Innate Abilities, Weirdness & Mutations

You have sharp claws.
You have razor-sharp teeth.
You have supernaturally acute eyesight. (SInv)
You cover ground quickly. (Speed+)
You are covered in fur. (AC +1)
Your stealthy paws help you sneak and pounce on unaware monsters.
You are incapable of wielding weapons or throwing items.
You cannot wear armour.
You gain extra lives every three experience levels.


Message History

The goblin throws a stone.
The stone misses you.
The magic dart hits the goblin.
You kill the goblin!
An adder comes into view.
The magic dart hits the adder.
The adder is heavily wounded.
The magic dart hits the adder.
You kill the adder!
Magic restored.
Items here: ( )) [ ††.
Items here: ( )) [ ††.
Found a dire flail.
You see here a +0 dire flail.
Found a barding.
You see here a +0 barding.
You see here a +0 barding.
Found a stone staircase leading up.
There is a stone staircase leading up here.
An endoplasm comes into view.
The magic dart hits the endoplasm.
You kill the endoplasm!
a - a wand of iceblast (3)
There are no items here.
Natasha, Servant of Life and Death comes into view.
She is carrying a wand of flame (9).
The magic dart hits Natasha.
Natasha is moderately wounded.
Natasha hisses angrily.
Natasha casts a spell.
The magic dart hits the iron imp.
The iron imp is lightly wounded.
The magic dart hits the iron imp but does no damage.
The iron imp is lightly wounded.
Natasha zaps a wand.
The puff of flame hits you!
Ouch! That really hurt!
The iron imp lashes its tail.
Natasha casts a spell.
Natasha mumbles some strange words.
Natasha zaps a wand.
The puff of flame hits you!
Ouch! That really hurt!
You die...

#.##..####..# #...<..
#..#.#.#....# #..##..
#..###.##...# #......
#..#...).#..# #5#....
#...##.###.####h#.h..
#... #.#.#...##.#..$.
#..####).##..##.#....
#.†#.......h.##5#....
#<..@....55.....#....
#.....###############
#.....# #.##### #.#
#.# #.# #.# #.


You could see an iron imp (summoned), Natasha and a shadow imp (summoned).

Vanquished Creatures
  An adder (D:2)
  A dart slug (D:1)
  2 ball pythons (D:1)
  5 endoplasms
  2 giant cockroaches
  4 goblins
  6 hobgoblins
  6 bats (D:1)
  A kobold (D:1)
  6 rats
34 creatures vanquished.

Notes
Turn   | Place    | Note
-------+----------+-------------------------------------------
     0 | D:1      | jestyr24 the Felid Conjurer began the quest for the Orb.
     0 | D:1      | Reached XP level 1. HP: 7/7 MP: 4/4
   235 | D:1      | Reached skill level 4 in Conjurations
   272 | D:1      | Reached XP level 2. HP: 11/11 MP: 4/6
   953 | D:1      | Found a faded altar of an unknown god.
  1134 | D:1      | Reached XP level 3. HP: 14/14 MP: 5/7
  1522 | D:2      | Noticed Natasha
  1546 | D:2      | Killed from afar by Natasha

Illustrated notes

Levels and vault maps discovered:
D:1:      lightli_arrival_maybe_door_vault, layout_rooms,
          chequers_ecumenical_altar_simple, kennysheep_nondescript, st_stairs_3,
          serial_bayou_pond_a, minmay_tiny_reverse_x
D:2:      layout_basic, chequers_serial_rivers_small_b, minmay_octomino_j4,
          uniq_natasha

Skill      XL: |  1  2 |
---------------+-------+-----
Conjurations   | 4 |  4.4
Dodging        | 3 |  3.1
Stealth        | |  2.8
Unarmed Combat | |  0.1
Spellcasting   | |  2.3

Action                   || total
-------------------------++-------
Melee: Unarmed           ||    37
       Bite              ||     4
 Cast: Magic Dart        ||    63
Armor: Skin              ||     9
Dodge: Dodged            ||    57

Table legend: (Time is in decaauts)
 A = Elapsed time spent in this place.
 B = Non-inter-level travel time spent in this place.
 C = Inter-level travel time spent in this place.
 D = Time resting spent in this place.
 E = Time spent auto-exploring this place.
 F = Levels seen in this place.
 G = Mean time per level.
                   A        B        C        D        E       F      G
               +--------+--------+--------+--------+--------+-----+--------+
         Total |   1420 |   1392 |     28 |    418 |    667 |   2 |  710.0 |
       Dungeon |   1420 |   1392 |     28 |    418 |    667 |   2 |  710.0 |
               +--------+--------+--------+--------+--------+-----+--------+

Top non-repeatable levels by time:
     D:1: 1251 daAuts
     D:2: 168 daAuts
